[Event "ICCopen2017"]
[Site "Internet Chess Club"]
[Date "2017.04.02"]
[Round "5"]
[White "JimboPi"]
[Black "StaggerLee"]
[Result "1/2-1/2"]
[ICCResult "Game drawn because neither player has mating material"]
[WhiteElo "1544"]
[BlackElo "1394"]
[Opening "Queen's pawn: Charlick (Englund) gambit"]
[ECO "A40"]
[NIC "QO.17"]
[Time "19:52:58"]
[TimeControl "180+0"]

1. d4 e5 2. dxe5 Nc6 3. Nf3 Qe7 4. Qd5 d6 5. Bf4 dxe5 6. Bxe5 Qb4+ 7. Bc3
Qd6 8. Qxd6 Bxd6 9. Nbd2 Bf5 10. O-O-O f6 11. Nc4 O-O-O 12. Nxd6+ cxd6 13.
e3 Nge7 14. Nd4 Bg4 15. f3 Nxd4 16. Rxd4 Bh5 17. Bc4 Nc6 18. Rd2 Rhf8 19.
Rhd1 Kc7 20. a3 Bf7 21. Bxf7 Rxf7 22. e4 Rfd7 23. b4 Ne5 24. Bb2 Nc4 25. Rd5
Ne3 26. c4 Nxd1 27. Kxd1 b6 28. Kc2 Re7 29. Kd3 Rde8 30. Bd4 Kc6 31. Rh5 h6
32. c5 dxc5 33. bxc5 Rd7 34. Kc4 Red8 35. Bf2 Rd3 36. cxb6 axb6 37. a4 Rd2
38. Be3 Re2 39. Bd4 Rxg2 40. Rb5 Rb8 41. a5 Rc2+ 42. Kb3 Rc1 43. Rxb6+ Rxb6+
44. axb6 Kb7 45. Kb4 Rh1 46. Kc4 Rxh2 47. Kd5 Rd2 48. e5 fxe5 49. Kxe5 h5
50. Be3 Re2 51. Kf4 h4 52. Bd4 g6 53. Kg4 Ra2 54. Bg1 Ra4+ 55. Kg5 h3 56.
Kxg6 Ra2 57. f4 h2 58. Bxh2 Rxh2 59. f5 Kxb6 60. f6 Rg2+ 61. Kh7 Rf2 62. Kg7
Rg2+ 63. Kf8 Kc7 64. Ke7 Re2+ 65. Kf8 Rf2 66. f7 Kd7 67. Kg8 Rxf7 68. Kxf7
{Game drawn because neither player has mating material}
1/2-1/2

[Event "ICCopen2017"]
[Site "Internet Chess Club"]
[Date "2017.04.02"]
[Round "5"]
[White "Cramagica"]
[Black "DaveyJones"]
[Result "1-0"]
[ICCResult "Black checkmated"]
[WhiteElo "1158"]
[BlackElo "1514"]
[Opening "Bird's opening"]
[ECO "A02"]
[NIC "VO.07"]
[Time "19:52:56"]
[TimeControl "180+0"]

1. f4 Nf6 2. Nf3 d5 3. e3 Bg4 4. h3 Bxf3 5. Qxf3 e6 6. b3 Bd6 7. Bb2 O-O 8.
Bd3 Nc6 9. a3 e5 10. fxe5 Bxe5 11. Bxe5 Nxe5 12. Qe2 Nxd3+ 13. Qxd3 Ne4 14.
O-O f5 15. Nc3 c6 16. Nxe4 fxe4 17. Qe2 Qg5 18. Rf4 Rxf4 19. exf4 Qxf4 20.
Rf1 Qd6 21. b4 Rf8 22. Rxf8+ Qxf8 23. c4 Qd6 24. cxd5 cxd5 25. d3 exd3 26.
Qxd3 Qe5 27. Qf3 Qe4 28. Qxe4 dxe4 29. Kf2 Kf7 30. Ke3 Ke6 31. Kxe4 b6 32.
g4 g5 33. b5 h6 34. a4 Kf6 35. Kd5 Ke7 36. Ke5 Kf7 37. Kd6 Kf6 38. Kc6 Ke5
39. Kb7 Kf4 40. Kxa7 Kg3 41. Kxb6 Kxh3 42. Kc7 Kxg4 43. b6 h5 44. b7 h4 45.
b8=Q h3 46. Qb1 Kg3 47. Qg1+ Kf3 48. Qxg5 Kf2 49. Qh4+ Kg2 50. a5 h2 51. a6
h1=Q 52. Qxh1+ Kxh1 53. a7 Kg1 54. a8=Q Kf2 55. Qe4 Kg3 56. Kd6 Kf2 57. Ke5
Kg3 58. Qf4+ Kg2 59. Ke4 Kh3 60. Qf3+ Kh2 61. Qg4 Kh1 62. Kf3 Kh2 63. Qg2#
{Black checkmated}
1-0

[Event "ICCopen2017"]
[Site "Internet Chess Club"]
[Date "2017.04.02"]
[Round "5"]
[White "carpedef"]
[Black "anitak"]
[Result "0-1"]
[ICCResult "White forfeits on time"]
[WhiteElo "1789"]
[BlackElo "2081"]
[Opening "Caro-Kann: exchange variation"]
[ECO "B13"]
[NIC "CK.02"]
[Time "19:52:34"]
[TimeControl "180+0"]

1. e4 c6 2. d4 d5 3. exd5 cxd5 4. f4 Nf6 5. Nf3 Nc6 6. c3 Bg4 7. Bd3 e6 8.
O-O Bd6 9. Qe1 Bxf3 10. Rxf3 Ne7 11. f5 exf5 12. Bxf5 Qc7 13. Qh4 h6 14. Bg5
Bxh2+ 15. Kh1 Bg3 16. Qh3 Nxf5 17. Rxf5 Ne4 18. Be3 Rd8 19. Na3 Bd6 20. Rf3
Bxa3 21. bxa3 Qc6 22. Raf1 O-O 23. Qh4 Rd6 24. Kg1 Rg6 25. Bf4 Nxc3 26. Be5
Ne4 27. Re1 f6 28. Bh2 Qc4 29. Qh3 Qxd4+ 30. Kh1 Nf2+ 31. Rxf2 Qxf2 32. Qe6+
Kh7 33. Rg1 Rd8 34. Qe7 Rc8 35. Qe6 Rc2 36. Qxd5 Rc1 37. Qf3 Qxf3 38. gxf3
Rcxg1+ 39. Bxg1 Rg5 40. Be3 Ra5 41. Kh2 Ra4 42. Bf4 b5 43. Bg3 a5
{White forfeits on time}
0-1

[Event "ICCopen2017"]
[Site "Internet Chess Club"]
[Date "2017.04.02"]
[Round "5"]
[White "Mmario"]
[Black "lustigbridge"]
[Result "1-0"]
[ICCResult "Black checkmated"]
[WhiteElo "2705"]
[BlackElo "1889"]
[Opening "QGD semi-Slav"]
[ECO "D43"]
[NIC "SL.03"]
[Time "19:52:58"]
[TimeControl "180+0"]

1. d4 d5 2. Nf3 Nf6 3. c4 c6 4. Nc3 e6 5. g3 dxc4 6. Bg2 b5 7. O-O Bb7 8. a4
b4 9. Nb1 a5 10. Nbd2 c3 11. bxc3 bxc3 12. Nb1 Be7 13. Nxc3 O-O 14. Rb1 Ra7
15. Qc2 Na6 16. e4 Nb4 17. Qb3 c5 18. Nb5 Ra6 19. e5 Nfd5 20. Bd2 Bc6 21.
Rbc1 Bxb5 22. axb5 Rb6 23. dxc5 Rxb5 24. c6 Qc7 25. Rc4 Rc8 26. Rfc1 Qb8 27.
Bf1 Rb6 28. Qa4 Bd8 29. Qxa5 Rbxc6 30. Rxc6 Rxc6 31. Qa1 Qc8 32. Rxc6 Qxc6
33. Nd4 Qb7 34. Qa4 Kf8 35. Nb5 Qd7 36. Bxb4+ Nxb4 37. Qxb4+ Be7 38. Nd6 g6
39. Qb8+ Kg7 40. Ne8+ Kh6 41. Nd6 Kg5 42. h4+ Kh6 43. Qb4 f6 44. Qf4+ g5 45.
hxg5+ fxg5 46. Qf7 Qd8 47. Bd3 Qf8 48. Qxh7# {Black checkmated} 1-0

[Event "ICCopen2017"]
[Site "Internet Chess Club"]
[Date "2017.04.02"]
[Round "5"]
[White "Cjon"]
[Black "Harmony1957"]
[Result "0-1"]
[ICCResult "White forfeits on time"]
[WhiteElo "1416"]
[BlackElo "2218"]
[Opening "Sicilian defense"]
[ECO "B20"]
[NIC "SI.48"]
[Time "19:53:41"]
[TimeControl "180+0"]

1. e4 c5 2. Bc4 e6 3. e5 Nc6 4. f4 Nxe5 5. fxe5 Qh4+ 6. Kf1 Qxc4+ 7. d3 Qd5
8. Nf3 d6 9. Nc3 Qc6 10. Bf4 f6 11. exd6 e5 12. Qe2 Bxd6 13. Bg3 Ne7 14. Ne4
O-O 15. Nxd6 Qxd6 16. Nh4 Bd7 17. Qe4 Bc6 18. Qg4 f5 19. Qg5 h6 20. Qh5 f4
21. Bf2 Nd5 22. Re1 Ne3+ 23. Bxe3 fxe3+ 24. Kg1 Qf6 25. Qe2 Qf2+ 26. Qxf2
exf2+ 27. Kf1 fxe1=Q+ 28. Kxe1 e4 29. Ng6 Rfe8 30. d4 cxd4 31. Nf4 Rad8 32.
Rg1 e3 {White forfeits on time} 0-1

[Event "ICCopen2017"]
[Site "Internet Chess Club"]
[Date "2017.04.02"]
[Round "5"]
[White "bythebook"]
[Black "TZ700A"]
[Result "0-1"]
[ICCResult "White forfeits on time"]
[WhiteElo "1545"]
[BlackElo "1438"]
[Opening "Ruy Lopez: old Steinitz defense"]
[ECO "C62"]
[NIC "RL.02"]
[Time "19:52:54"]
[TimeControl "180+0"]

1. e4 e5 2. Nf3 Nc6 3. Bb5 d6 4. O-O Bg4 5. c3 Nf6 6. d4 exd4 7. cxd4 a6 8.
Ba4 b5 9. Bb3 Bxf3 10. gxf3 Be7 11. Kh1 O-O 12. Rg1 Nd7 13. Nc3 Bh4 14. Be3
Nf6 15. Nd5 Ne7 16. Nxe7+ Qxe7 17. Rg2 a5 18. Qd2 a4 19. Bc2 a3 20. b3 Rfd8
21. Rag1 Nh5 22. Rg4 Qf6 23. R1g2 Qxf3 24. Rxh4 g6 25. Bd1 Qf6 26. Rxh5 Kh8
27. Rh6 c5 28. Bg5 Qe6 29. Bxd8 Rxd8 30. dxc5 d5 31. exd5 Rxd5 32. Qc3+ Kg8
33. Bg4 Qd7 34. c6 Rd1+ 35. Bxd1 Qxd1+ 36. Rg1 Qxg1+ 37. Kxg1 Kf8
{White forfeits on time}
0-1

[Event "ICCopen2017"]
[Site "Internet Chess Club"]
[Date "2017.04.02"]
[Round "5"]
[White "Ricardov"]
[Black "Siryk"]
[Result "0-1"]
[ICCResult "White resigns"]
[WhiteElo "2273"]
[BlackElo "2787"]
[Opening "Sicilian: Najdorf, Opocensky variation"]
[ECO "B92"]
[NIC "SI.11"]
[Time "19:53:27"]
[TimeControl "180+0"]

1. e4 c5 2. Nf3 d6 3. d4 cxd4 4. Nxd4 Nf6 5. Nc3 a6 6. Be2 e5 7. Nb3 Be7 8.
f4 O-O 9. g4 exf4 10. Bxf4 Nc6 11. g5 Nd7 12. Qd2 Nde5 13. h4 Be6 14. Nd4
Nxd4 15. Qxd4 f6 16. Bxe5 dxe5 17. Qxd8 Raxd8 18. gxf6 Rxf6 19. a3 Rf4 20.
Bd3 Bxh4+ 21. Kd2 Bg5 22. Rag1 h6 23. Ke1 Rdf8 24. Rf1 Rxf1+ 25. Rxf1 Rxf1+
26. Kxf1 Bc1 27. Na4 Bd7 28. Nc5 Bc6 29. b3 Bxa3 30. Ne6 Be7 31. Nc7 Kf7 32.
Nd5 Bxd5 33. exd5 g5 34. Bf5 a5 35. Ke2 b6 36. Kd3 h5 37. Kc4 g4 38. Kb5 g3
39. Bh3 e4 40. Kc4 Bf6 41. Bg2 b5+ 42. Kxb5 e3 {White resigns} 0-1

[Event "ICCopen2017"]
[Site "Internet Chess Club"]
[Date "2017.04.02"]
[Round "5"]
[White "gannikus1992"]
[Black "spoks7th"]
[Result "1-0"]
[ICCResult "Black checkmated"]
[WhiteElo "2467"]
[BlackElo "2120"]
[Opening "Sicilian: Nimzovich-Rossolimo attack (with ...g6, without ...d6)"]
[ECO "B31"]
[NIC "SI.31"]
[Time "19:53:03"]
[TimeControl "180+0"]

1. e4 c5 2. Nf3 Nc6 3. Bb5 g6 4. Bxc6 bxc6 5. O-O Bg7 6. Re1 Rb8 7. Nc3 e5
8. d3 Ne7 9. Be3 d6 10. b3 O-O 11. Qd2 f5 12. Bh6 f4 13. Bxg7 Kxg7 14. a3 h6
15. b4 cxb4 16. axb4 a6 17. d4 Rxb4 18. Nd5 Rb8 19. Nxe7 Qxe7 20. dxe5 dxe5
21. Qc3 Re8 22. Ra5 Rb5 23. Rea1 Bb7 24. h4 Qd6 25. R5a2 Rc5 26. Qb4 Qe7 27.
Rb2 Rb5 28. Qc3 g5 29. hxg5 hxg5 30. Rd1 Rxb2 31. Qxb2 g4 32. Nxe5 Qxe5 33.
Qxb7+ Re7 34. Qxc6 Qxe4 35. Qxa6 Qxc2 36. Qa1+ Kf7 37. Qd4 Qf5 38. Rc1 Qe5
39. Qc4+ Kf6 40. Rb1 Re6 41. Qc8 Qf5 42. Qh8+ Kg5 43. Rc1 Rh6 44. Qd8+ Kh5
45. Qe8+ Qg6 46. Qe5+ Qg5 47. Qe4 Qg6 48. Rc5+ Kh4 49. g3+ fxg3 50. Qh1#
{Black checkmated}
1-0

[Event "ICCopen2017"]
[Site "Internet Chess Club"]
[Date "2017.04.02"]
[Round "5"]
[White "Dupinpon"]
[Black "GolfPro"]
[Result "0-1"]
[ICCResult "White forfeits on time"]
[WhiteElo "1596"]
[BlackElo "1882"]
[Opening "Petrov: Cochrane gambit"]
[ECO "C42"]
[NIC "RG.03"]
[Time "19:53:10"]
[TimeControl "180+0"]

1. e4 e5 2. Nf3 Nf6 3. Nxe5 d6 4. Nxf7 Kxf7 5. d4 d5 6. e5 Qe7 7. Bd3 Nc6 8.
O-O Ne8 9. c4 Be6 10. Qf3+ Kg8 11. cxd5 Nxd4 12. Qe4 Bf5 13. Qxd4 Bxd3 14.
Qxd3 Qxe5 15. Nc3 Bd6 16. f4 Qe7 17. Bd2 Nf6 18. Rae1 Qd7 19. Re6 Kf7 20.
Rfe1 Rhe8 21. Qf5 Bc5+ 22. Kh1 Kg8 23. Rxf6 Qxf5 24. Rxf5 Rxe1+ 25. Bxe1 Re8
26. Bd2 g6 27. Re5 Rf8 28. g3 Bd4 29. Re6 Bb6 30. Kg2 Rd8 31. Kf3 c6 32. d6
Bc5 33. Ne4 Bd4 34. Bc3 Bb6 35. Nf6+ Kf7 36. Re7+ Kf8 37. Nxh7+ Kg8 38. Rg7+
Kh8 39. Rd7+ Kg8 40. Rg7+ Kh8 41. Rxb7+ Kg8 42. Rg7+ Kh8 43. Ng5 Bd4
{White forfeits on time}
0-1

[Event "ICCopen2017"]
[Site "Internet Chess Club"]
[Date "2017.04.02"]
[Round "5"]
[White "dynamo"]
[Black "Rluis"]
[Result "0-1"]
[ICCResult "White checkmated"]
[WhiteElo "1726"]
[BlackElo "1266"]
[Opening "Benko's opening"]
[ECO "A00"]
[NIC "VO.09"]
[Time "19:52:59"]
[TimeControl "180+0"]

1. g3 g6 2. Bg2 Bg7 3. f4 Nf6 4. Nf3 d6 5. d3 c6 6. e4 Nbd7 7. c3 O-O 8. O-O
e5 9. h3 exf4 10. Bxf4 Nb6 11. Nbd2 Nh5 12. Kh2 Nxf4 13. gxf4 f5 14. Qe2
fxe4 15. dxe4 Qe7 16. Rae1 Be6 17. Ng5 Rae8 18. Qd3 Bd7 19. Nc4 Nxc4 20.
Qxc4+ Kh8 21. h4 h6 22. Nh3 Qxh4 23. Qd3 Bxh3 24. Bxh3 Rxf4 25. Rxf4 Qxe1
26. Rf7 Be5+ 27. Kg2 Qh4 28. Qf3 Qg5+ 29. Kf2 Qd2+ 30. Qe2 Qxe2+ 31. Kxe2
Kg8 32. Rxb7 a5 33. Kd3 h5 34. Rc7 c5 35. Rc8 Rxc8 36. Bxc8 g5 37. a3 g4 38.
b4 cxb4 39. cxb4 axb4 40. axb4 g3 41. Bh3 Kf7 42. Kc4 Ke7 43. Kd5 Kd8 44. b5
Kc7 45. Ke6 Kb6 46. Kf5 h4 47. Kg5 Kxb5 48. Kxh4 Kc4 49. Bf5 Kd4 50. Kh3 Ke3
51. Kg2 Kf4 52. Bg6 Kg5 53. Bh7 Kf6 54. Bf5 Kg5 55. Bh7 Kf4 56. Bf5 Ke3 57.
Bh7 Kd4 58. Bf5 d5 59. exd5 Kxd5 60. Bg4 Kd4 61. Bf3 Ke3 62. Bg4 Bf4 63. Bh3
Ke2 64. Bg4+ Ke3 65. Bh3 Ke2 66. Bg4+ Ke1 67. Bh3 Kd2 68. Bg4 Ke3 69. Bh3
Kd4 70. Bg4 Ke5 71. Bh3 Kf6 72. Kf3 Kg5 73. Bg2 Bd6 74. Bh3 Kh4 75. Kg2 Kg5
76. Bf5 Kxf5 77. Kf3 Kg5 78. Kg2 Kh4 79. Kh1 Kh3 80. Kg1 Bc5+ 81. Kf1 g2+
82. Ke2 g1=Q 83. Kd3 Qd4+ 84. Kc2 Kg3 85. Kb3 Kf3 86. Kc2 Ke2 87. Kb3 Qb4+
88. Ka2 Kd2 89. Ka1 Kc2 90. Ka2 Qb2# {White checkmated} 0-1

[Event "ICCopen2017"]
[Site "Internet Chess Club"]
[Date "2017.04.02"]
[Round "5"]
[White "soyleyenda"]
[Black "km1515"]
[Result "1-0"]
[ICCResult "Black forfeits on time"]
[WhiteElo "1671"]
[BlackElo "2054"]
[Opening "French: King's Indian attack"]
[ECO "C00"]
[NIC "FR.02"]
[Time "19:52:52"]
[TimeControl "180+0"]

1. e4 e6 2. d3 d5 3. Nd2 Nf6 4. Ngf3 Bc5 5. d4 Bb6 6. exd5 exd5 7. c3 O-O 8.
Bd3 Re8+ 9. Kf1 c5 10. g3 Bh3+ 11. Kg1 cxd4 12. cxd4 Nc6 13. Ng5 Bg4 14. f3
Bxd4+ 15. Kg2 Bh5 16. Qa4 h6 17. Nh3 Bg6 18. Bxg6 fxg6 19. Nf4 g5 20. Nb3
Bb6 21. Ng6 Re2+ 22. Kh3 Qe8 23. Qb5 Re6 24. Nf4 gxf4 25. Bxf4 Re2 26. g4
Nd4 27. Nxd4 Bxd4 28. Qb4 Bxb2 29. Rae1 a5 30. Qxb7 Rxe1 31. Rxe1 Qxe1 32.
Qxa8+ Kh7 33. Qc8 Qf1+ 34. Kg3 Qe1+ 35. Kh3 Qf1+ 36. Kg3 Bc3 37. Qf5+ Kh8
38. Qc8+ Ng8 39. Qxc3 Qg1+ 40. Kh3 d4 41. Qd3 Qf2 42. Be5 Qe1 43. Bxd4 Ne7
44. Bc5 Qe5 45. Bxe7 Qxe7 46. Qe4 Qb4 47. Kg3 Qb2 48. a4 Qb4 49. Qe8+ Kh7
50. Qb5 Kh8 51. Qxb4 axb4 52. a5 b3 53. a6 b2 54. a7 b1=Q 55. a8=Q+ Kh7 56.
Qe4+ Qxe4 57. fxe4 {Black forfeits on time} 1-0

[Event "ICCopen2017"]
[Site "Internet Chess Club"]
[Date "2017.04.02"]
[Round "5"]
[White "blunderville"]
[Black "trianon"]
[Result "0-1"]
[ICCResult "White checkmated"]
[WhiteElo "1532"]
[BlackElo "2049"]
[Opening "Sicilian: closed"]
[ECO "B25"]
[NIC "SI.45"]
[Time "19:53:58"]
[TimeControl "180+0"]

1. e4 c5 2. Nc3 Nc6 3. g3 g6 4. Bg2 Bg7 5. d3 d6 6. Nge2 Rb8 7. a4 a6 8. O-O
b5 9. axb5 axb5 10. f4 Nd4 11. h3 e6 12. g4 Ne7 13. Ng3 O-O 14. Nce2 f5 15.
c3 Nxe2+ 16. Qxe2 b4 17. Bd2 bxc3 18. Bxc3 Qb6 19. Kh2 Bxc3 20. bxc3 Qb2 21.
Ra7 Qxe2 22. Nxe2 Nc6 23. Rc7 Na5 24. exf5 gxf5 25. gxf5 Rxf5 26. Ng3 Rf7
27. f5 Rxc7 28. fxe6 Bxe6 29. Nh5 Rf7 30. Re1 Re8 31. d4 cxd4 32. cxd4 Bd7
33. Rxe8+ Bxe8 34. Bd5 Kf8 35. Bxf7 Bxf7 36. Kg3 Ke7 37. Nf4 Nc4 38. h4 Kf6
39. Kg4 Ne3+ 40. Kf3 Nd5 41. Nd3 Kf5 42. Nf2 Bh5+ 43. Kg3 Nf6 44. Nh3 Ne4+
45. Kg2 Kg4 46. Ng1 Kxh4 47. Ne2 Bxe2 48. Kh2 Kg4 49. Kg1 Kg3 50. Kh1 Bf1
51. Kg1 Bh3 52. Kh1 Nd2 53. Kg1 Nf3+ 54. Kh1 Bg2# {White checkmated} 0-1

[Event "ICCopen2017"]
[Site "Internet Chess Club"]
[Date "2017.04.02"]
[Round "5"]
[White "patterncircular"]
[Black "Svinotigr"]
[Result "1-0"]
[ICCResult "Black checkmated"]
[WhiteElo "2049"]
[BlackElo "1767"]
[Opening "Réti opening"]
[ECO "A04"]
[NIC "QP.11"]
[Time "19:54:06"]
[TimeControl "180+0"]

1. Nf3 d6 2. d3 Nd7 3. c3 e5 4. Bg5 Ngf6 5. Nbd2 g6 6. e4 Bg7 7. Be2 h5 8.
O-O Nf8 9. Bh4 N8h7 10. Bg3 Qe7 11. Re1 O-O 12. h3 c6 13. a3 a5 14. b4 a4
15. Nc4 b5 16. Ncd2 Re8 17. Qc2 Be6 18. Rad1 Bh6 19. c4 Rac8 20. c5 dxc5 21.
bxc5 Bxd2 22. Rxd2 Bb3 23. Qc1 Nd7 24. d4 exd4 25. Rxd4 Ndf6 26. Bd6 Qe6 27.
e5 Nd5 28. Qh6 Nc3 29. Bd3 Bc4 30. Bxc4 bxc4 31. g4 hxg4 32. hxg4 Nb5 33.
Rf4 Nxd6 34. cxd6 c3 35. g5 c2 36. Rh4 Nf8 37. Qh8# {Black checkmated} 1-0

[Event "ICCopen2017"]
[Site "Internet Chess Club"]
[Date "2017.04.02"]
[Round "5"]
[White "alejandrorios"]
[Black "unkavalo"]
[Result "1-0"]
[ICCResult "Black forfeits on time"]
[WhiteElo "2128"]
[BlackElo "2355"]
[Opening "Caro-Kann: Tartakower (Nimzovich) variation"]
[ECO "B15"]
[NIC "CK.06"]
[Time "19:53:16"]
[TimeControl "180+0"]

1. e4 c6 2. d4 d5 3. Nc3 dxe4 4. Nxe4 Nf6 5. Nxf6+ exf6 6. Nf3 Bd6 7. Be3
O-O 8. Bd3 Re8 9. Qd2 Qc7 10. O-O-O c5 11. dxc5 Bxc5 12. Bxc5 Qxc5 13. Rhe1
Be6 14. Kb1 Nc6 15. Be4 Rac8 16. Bxc6 Qxc6 17. b3 g6 18. Re2 Bg4 19. Rxe8+
Rxe8 20. Re1 Rc8 21. Re3 a5 22. a4 b5 23. axb5 Qxb5 24. h3 Bxf3 25. Rxf3 a4
26. Kb2 Qe5+ 27. Kb1 a3 28. c3 Rb8 29. Ka2 Kg7 30. Rd3 Qe4 31. f3 Qb7 32. c4
Re8 33. Rc3 Qc7 34. Rc2 Rd8 35. Qc3 Qh2 36. c5 Rd7 37. c6 Rc7 38. b4 Qf4 39.
Kxa3 Qd6 40. Qc5 Qd3+ 41. Kb2 Qa6 42. b5 Qa4 43. b6 Rc8 44. b7 Rb8 45. Qc3
Qb5+ 46. Qb3 Qe5+ 47. Qc3 Qc7 48. Qc5 Rd8 49. Kb3 Rb8 50. Rc3 Rd8 51. Rc4
Rb8 52. Kb4 Rd8 53. Kb5 Rb8 54. Qb6 Qe5+ 55. Rc5 Qb2+ 56. Ka6 Qc2 57. Qb5
{Black forfeits on time}
1-0

[Event "ICCopen2017"]
[Site "Internet Chess Club"]
[Date "2017.04.02"]
[Round "5"]
[White "Chaos23"]
[Black "ZonaLeste"]
[Result "0-1"]
[ICCResult "White checkmated"]
[WhiteElo "1844"]
[BlackElo "1670"]
[Opening "Benko's opening"]
[ECO "A00"]
[NIC "VO.09"]
[Time "19:53:11"]
[TimeControl "180+0"]

1. g3 g6 2. Bg2 Bg7 3. e4 Nf6 4. e5 Ng8 5. d4 c5 6. c3 cxd4 7. cxd4 Nc6 8.
Nf3 d6 9. exd6 Qxd6 10. d5 Nb4 11. Nc3 Nf6 12. Bf4 Qa6 13. Bf1 Qa5 14. Bb5+
Bd7 15. Bxd7+ Nxd7 16. O-O Bxc3 17. bxc3 Nxd5 18. Qd4 O-O 19. Bh6 N7f6 20.
Bxf8 Kxf8 21. c4 Nb6 22. Rfe1 Rc8 23. Re5 Qb4 24. Rae1 Rxc4 25. Qd8+ Kg7 26.
Rxe7 Nbd5 27. R7e5 Rc3 28. Ng5 Rc7 29. Rxd5 Qxe1+ 30. Kg2 Rc1 31. Rd3 h6 32.
Nxf7 Kxf7 33. Qb8 Qe4+ 34. Rf3 g5 35. h3 h5 36. Qh8 g4 37. Qxf6+ Ke8 38.
Qf7+ Kd8 39. Qf6+ Kc7 40. Qg7+ Kb6 41. Qb2+ Ka6 42. Qa3+ Kb6 43. Qb2+ Ka6
44. Qa3+ Kb5 45. Qb2+ Ka5 46. Qa3+ Qa4 47. Rf5+ b5 48. Qd6 Qc4 49. Qd8+ Ka4
50. hxg4 Qc6+ 51. Kh2 Rh1# {White checkmated} 0-1

[Event "ICCopen2017"]
[Site "Internet Chess Club"]
[Date "2017.04.02"]
[Round "5"]
[White "BronStorm"]
[Black "egyptiantiger"]
[Result "1-0"]
[ICCResult "Black forfeits on time"]
[WhiteElo "1937"]
[BlackElo "1674"]
[Opening "Sicilian defense"]
[ECO "B30"]
[NIC "SI.31"]
[Time "19:52:31"]
[TimeControl "180+0"]

1. e4 c5 2. Nf3 Nc6 3. Nc3 a6 4. d4 cxd4 5. Nxd4 Nf6 6. Nxc6 bxc6 7. e5 Ng8
8. Qf3 Qc7 9. Bf4 e6 10. O-O-O Ne7 11. Ne4 Nd5 12. c4 Nxf4 13. Qxf4 Be7 14.
Bd3 Rb8 15. Rd2 f6 16. Nd6+ Bxd6 17. exd6 Qa5 18. a3 Rb3 19. h4 Bb7 20. Rh3
Rb6 21. Rg3 Kf7 22. Qg4 Rg8 23. Qd4 g6 24. c5 Rb5 25. Bxb5 Qxb5 26. Qb4 Qxb4
27. axb4 Rb8 28. Rd4 e5 29. Re4 Ke6 30. Ra3 f5 31. Re2 e4 32. f3 Kd5 33.
fxe4+ fxe4 34. Rae3 Re8 35. b3 a5 36. bxa5 Ba6 37. Rc2 Rb8 38. Kd2 Rb4 39.
Rcc3 Rd4+ 40. Kc2 Ke5 41. Rg3 Kd5 42. Rg5+ Ke6 43. Re3 Bd3+ 44. Kc3
{Black forfeits on time}
1-0

[Event "ICCopen2017"]
[Site "Internet Chess Club"]
[Date "2017.04.02"]
[Round "5"]
[White "fernandomata"]
[Black "aravind6904"]
[Result "1-0"]
[ICCResult "Black checkmated"]
[WhiteElo "1829"]
[BlackElo "1433"]
[Opening "Sicilian: Smith-Morra gambit"]
[ECO "B21"]
[NIC "SI.48"]
[Time "19:53:44"]
[TimeControl "180+0"]

1. e4 c5 2. d4 Nc6 3. c3 cxd4 4. cxd4 d6 5. Nc3 e5 6. d5 Nb8 7. Nf3 Nf6 8.
Bb5+ Bd7 9. Bxd7+ Nbxd7 10. O-O Be7 11. Re1 O-O 12. h3 Nb6 13. Qd3 Nbd7 14.
Be3 b6 15. Rac1 Nc5 16. Bxc5 bxc5 17. b3 Nd7 18. Na4 Nb6 19. Nxc5 dxc5 20.
Nxe5 Rc8 21. f4 f6 22. Nc4 Nxc4 23. bxc4 Bd6 24. e5 fxe5 25. fxe5 Be7 26. d6
Bg5 27. Qd5+ Kh8 28. Rb1 Rb8 29. e6 Rxb1 30. Rxb1 Re8 31. e7 Be3+ 32. Kh1
Qd7 33. Rb7 Qc8 34. d7 Qxd7 35. Qxd7 Rg8 36. e8=Q h6 37. Qxg8+ Kxg8 38.
Qxg7# {Black checkmated} 1-0

[Event "ICCopen2017"]
[Site "Internet Chess Club"]
[Date "2017.04.02"]
[Round "5"]
[White "SasaMike"]
[Black "rc"]
[Result "1-0"]
[ICCResult "Black checkmated"]
[WhiteElo "1697"]
[BlackElo "1098"]
[Opening "Sicilian: Najdorf, Opocensky variation"]
[ECO "B92"]
[NIC "SI.10"]
[Time "19:53:38"]
[TimeControl "180+0"]

1. e4 c5 2. Nf3 d6 3. d4 cxd4 4. Nxd4 Nf6 5. Nc3 a6 6. Be2 e5 7. Nb3 Be6 8.
Be3 Nc6 9. O-O b5 10. a3 Be7 11. Kh1 O-O 12. f4 Bxb3 13. cxb3 exf4 14. Bxf4
Ne5 15. Nd5 Rc8 16. Nxf6+ Bxf6 17. Rc1 Qd7 18. Qd5 Rxc1 19. Bxc1 Rc8 20. h3
Qc6 21. Qd2 Qc2 22. Qe3 Qc5 23. Qg3 Qc2 24. Bg4 Nxg4 25. Qxg4 Be5 26. Bh6
Re8 27. Qf5 f6 28. Qd7 Qc8 29. Qxg7# {Black checkmated} 1-0

[Event "ICCopen2017"]
[Site "Internet Chess Club"]
[Date "2017.04.02"]
[Round "5"]
[White "tonychess2014"]
[Black "Kusox"]
[Result "0-1"]
[ICCResult "White resigns"]
[WhiteElo "1763"]
[BlackElo "2106"]
[Opening "Caro-Kann: Tartakower (fantasy) variation"]
[ECO "B12"]
[NIC "CK.02"]
[Time "19:53:53"]
[TimeControl "180+0"]

1. e4 c6 2. d4 d5 3. f3 g6 4. Nc3 Bg7 5. Be3 dxe4 6. fxe4 e6 7. Nf3 Ne7 8.
Bc4 b5 9. Bd3 Bb7 10. O-O O-O 11. Qd2 Nd7 12. Bh6 b4 13. Ne2 c5 14. Bxg7
Kxg7 15. c3 cxd4 16. cxd4 Qb6 17. Qf4 f5 18. Ng5 h6 19. Kh1 hxg5 20. Qxg5
Rf7 21. exf5 exf5 22. Nf4 Rh8 23. Rae1 Nf6 24. Ne6+ Kg8 25. Nf4 Nfd5 26. Re6
Nxf4 27. Rxb6 Bxg2+ 28. Kg1 Nh3+ 29. Kxg2 Nxg5 30. Rb8+ Rf8 31. Bc4+ Kg7 32.
Rb7 Re8 33. Re1 Ne4 34. Bb5 Kf6 35. Bxe8 Rxe8 36. Rxa7 Nd5 37. Ra6+ Kg5 38.
a4 Nf4+ 39. Kf1 Rh8 40. Re3 Rxh2 41. Kg1 Rxb2 {White resigns} 0-1

[Event "ICCopen2017"]
[Site "Internet Chess Club"]
[Date "2017.04.02"]
[Round "5"]
[White "Jojua"]
[Black "Bonao"]
[Result "1/2-1/2"]
[ICCResult "Black ran out of time and White has no material to mate"]
[WhiteElo "1500"]
[BlackElo "1876"]
[Opening "Nimzo-Indian: classical variation"]
[ECO "E32"]
[NIC "NI.24"]
[Time "19:53:02"]
[TimeControl "180+0"]

1. d4 Nf6 2. c4 e6 3. Nc3 Bb4 4. Qc2 O-O 5. e3 d5 6. cxd5 exd5 7. Bd3 h6 8.
Ne2 Bg4 9. O-O c6 10. a3 Bd6 11. Nf4 Nbd7 12. h3 Be6 13. b4 a6 14. Nxe6 fxe6
15. Bd2 e5 16. dxe5 Nxe5 17. Be2 Qe7 18. Qb2 Rae8 19. Rac1 Bb8 20. g3 Qe6
21. Kg2 Nc4 22. Bxc4 dxc4 23. Na4 b5 24. Nc5 Qd5+ 25. f3 Ba7 26. e4 Qh5 27.
Nxa6 Rd8 28. Bc3 Rd3 29. Nc5 Bxc5 30. bxc5 Qg6 31. Be5 Rfd8 32. Rf2 Nh5 33.
g4 Nf6 34. Bxf6 gxf6 35. Re1 Qg5 36. Qc1 Qxc1 37. Rxc1 Rxa3 38. Re2 c3 39.
e5 fxe5 40. Rxe5 Rd2+ 41. Kg3 b4 42. Re3 Raa2 43. Kf4 c2 44. Rb3 Rd1 45.
Rxc2 Rxc2 46. Rxb4 Rxc5 47. Re4 Rdc1 48. Kg3 R1c4 49. Re8+ Kf7 50. Re6 Kxe6
51. f4 Rc2 52. f5+ Ke5 53. Kh4 R5c3 54. Kh5 Rxh3+ 55. Kg6 Rg2 56. f6 Rxg4+
57. Kf7 Rf3 58. Ke7 Rxf6 59. Kd7 Rd4+ 60. Kc7 h5 61. Kb6 h4 62. Kc7 h3 63.
Kb7 h2 64. Kc7 h1=Q 65. Kb7 Qh7+ 66. Kb6
{Black ran out of time and White has no material to mate}
1/2-1/2

[Event "ICCopen2017"]
[Site "Internet Chess Club"]
[Date "2017.04.02"]
[Round "5"]
[White "GideonL"]
[Black "vishweshk"]
[Result "1-0"]
[ICCResult "Black checkmated"]
[WhiteElo "1660"]
[BlackElo "1836"]
[Opening "French defense"]
[ECO "A04"]
[NIC "QP.11"]
[Time "19:53:50"]
[TimeControl "180+0"]

1. Nf3 e6 2. e4 d5 3. exd5 exd5 4. d4 Bd6 5. Bd3 Ne7 6. O-O O-O 7. Bg5 f6 8.
Bh4 Bf5 9. Nbd2 c6 10. Bxf5 Nxf5 11. Bg3 Na6 12. c3 Nc7 13. Qc2 Qd7 14. Bxd6
Nxd6 15. Rae1 Rae8 16. Nb3 b6 17. Re2 Ne4 18. Nbd2 f5 19. Nxe4 fxe4 20. Ne5
Qf5 21. Re3 Ne6 22. Qe2 Nf4 23. Qd2 Qg5 24. g3 Nh3+ 25. Kg2 Nf4+ 26. Kh1 Ng6
27. Nd7 Rf7 28. Ne5 Nxe5 29. dxe5 Qxe5 30. Re2 c5 31. Rfe1 d4 32. cxd4 cxd4
33. Kg2 Qd5 34. Kg1 Rf3 35. b3 e3 36. fxe3 dxe3 37. Qxd5+ Kh8 38. Qxf3 Rg8
39. Rxe3 h6 40. Qf5 a5 41. Re8 b5 42. Rxg8+ Kxg8 43. Re8# {Black checkmated}
1-0